[Event "Almaty Open 2017"]
[Site "Almaty"]
[Date "2017.10.10"]
[Round "8"]
[White "Urazayev, Arystanbek"]
[Black "Ansat, Aldiyar"]
[Result "1-0"]
[ECO "A04"]
[WhiteElo "2363"]
[BlackElo "1996"]
[Annotator "NA RC"]
[PlyCount "83"]
[EventDate "2017.??.??"]
[EventType "swiss"]
[EventCountry "KAZ"]
[SourceTitle "playchess.com"]
[Source "ChessBase"]
[SourceQuality "1"]
[TimeControl "5400+30"]

1. Nf3 c5 2. g3 b6 3. Bg2 Bb7 4. O-O Nf6 5. d3 e6 6. Nbd2 Be7 7. e4 d6 {[%emt 0:00:18] LiveBook: 58 Games} 8. h3 {[%emt 0:08:10] A05: Réti Opening: 1 Nf3 Nf6} (8. c3 Nbd7 9. Qe2 Qc7 10. Rd1 O-O 11. d4 cxd4 12. cxd4 Rac8 13. Ne1 a6 14. Nd3 b5 15. f3 a5 {½-½ (41) Karjakin,S (2753)-Tomashevsky,E (2747) Chita 2015}) 8... Nbd7 9. Nh2 Qc7 10. f4 b5 11. a4 a6 12. g4 $146 ({Predecessor:} 12. Qe2 O-O 13. g4 {1-0 (28) Ponizil,C (2295)-Kratochvil,J (2006) Havlickuv Brod 2008}) 12... Nb6 13. g5 Nfd7 14. a5 Nc8 15. Qh5 Na7 16. b3 g6 17. Qe2 Nc6 18. Ndf3 O-O-O 19. Bb2 Rhe8 20. Ng4 Kb8 21. Qd2 b4 22. Nh6 f6 23. Nf7 Rc8 24. gxf6 Bxf6 25. e5 dxe5 26. fxe5 Bxe5 27. N3xe5 Ncxe5 $16 28. Nxe5 Nxe5 29. Qe3 Nd7 30. Bxb7 Qxb7 31. Rf7 Rf8 32. Raf1 Rxf7 33. Rxf7 Qd5 34. Qe4 Qg5+ 35. Kh1 Rd8 36. Bf6 Qc1+ 37. Kg2 Qxc2+ 38. Kg3 Qd1 39. Bxd8 Qg1+ 40. Qg2 Qe3+ 41. Kh2 Qe5+ 42. Qg3 1-0

[Event "Almaty Open 2017"]
[Site "Almaty"]
[Date "2017.10.11"]
[Round "9"]
[White "Vokhidov, Shamsiddin"]
[Black "Rakhimzhan, Alen"]
[Result "1-0"]
[ECO "C65"]
[WhiteElo "2399"]
[BlackElo "2078"]
[Annotator "RC"]
[PlyCount "125"]
[EventDate "2017.??.??"]
[EventType "swiss"]
[EventCountry "KAZ"]
[SourceTitle "playchess.com"]
[Source "ChessBase"]
[SourceQuality "1"]
[TimeControl "5400+30"]

1. e4 e5 2. Nf3 Nc6 3. Bb5 Nf6 4. d3 Bc5 5. c3 O-O 6. O-O d6 7. Nbd2 a6 8. Ba4 Ba7 9. h3 Ne7 10. Re1 Ng6 11. Nf1 c6 12. Ng3 Qc7 13. Bg5 Nd7 14. d4 b5 15. Bc2 h6 16. Be3 Nf6 17. Qd2 Re8 18. Rad1 Be6 19. Nf5 Bxf5 20. exf5 e4 21. Nh2 Nf8 22. Ng4 N8h7 23. Nxf6+ Nxf6 24. Bxh6 Nh7 25. Bf4 Nf6 26. Bh6 Nh7 27. f6 d5 28. Bxg7 Bb8 29. g3 Qd7 30. Qh6 Qf5 31. Rf1 Qg6 32. Qxg6 fxg6 33. f3 e3 34. Bxg6 Re6 35. Bf5 Re8 36. Bxh7+ Kxh7 37. f7 Bxg3 38. fxe8=Q Rxe8 39. Kg2 e2 40. Kxg3 Kxg7 41. Kf2 Kf6 42. Rde1 exf1=Q+ 43. Kxf1 Rh8 44. Kg2 Rg8+ 45. Kf2 Rb8 46. b3 a5 47. h4 Rh8 48. Rh1 Kf5 49. h5 Rh6 50. Kg3 b4 51. cxb4 axb4 52. Rh2 Kg5 53. f4+ Kf5 54. Kf3 Rh8 55. h6 Rh7 56. Rh1 Kg6 57. Kg4 c5 58. dxc5 d4 59. c6 d3 60. c7 Rxc7 61. h7 Rxh7 62. Rxh7 Kxh7 63. Kf3 1-0